 Dungeon Crawl Stone Soup version 0.29.0-4-gdea44cf6ec (webtiles) character file.

Game seed: 5568147664017495034

77 qw the Chopper (level 4, 0/26 HPs)
             Began as a Tengu Warper on Aug 28, 2022.
             Succumbed to their own poison gas
             ... on level 2 of the Dungeon.
             The game lasted 00:00:14 (2274 turns).

qw the Chopper (Tengu Warper)                       Turns: 2274, Time: 00:00:15

Health: 0/26       AC:  3    Str: 13 (14) XL:     4   Next: 33%
Magic:  8/8        EV: 11    Int: 10 (13) God:
Gold:   107        SH:  0    Dex: 10 (13) Spells: 7/7 levels left

rFire   . . .      SeeInvis .   Y - +0 hand axe (elec)
rCold   . . .      Faith    .   (no shield)
rNeg    . . .      Spirit   .   b - +0 leather armour
rPois   .          Reflect  .   (helmet restricted)
rElec   .          Harm     .   (no cloak)
rCorr   .          Rampage  .   (no gloves)
Will    .....                   (boots unavailable)
Stlth   +.........              (no amulet)
HPRegen 0.08/turn               (no ring)
MPRegen 0.11/turn               (no ring)

@: lethally poisoned (0 -> -3), attractive
A: beak, talons 3
a: no special abilities


You were on level 2 of the Dungeon.
You visited 1 branch of the dungeon, and saw 2 of its levels.

You collected 107 gold pieces.


Innate Abilities, Weirdness & Mutations

You have a beak for a mouth.
You have claws for feet.


   Skills:
 - Level 2.0 Fighting
 + Level 4.9 Axes
 - Level 1.0 Throwing
 - Level 1.1 Armour
 - Level 2.1 Dodging
 - Level 2.0 Spellcasting
 - Level 2.4 Translocations


You had 7 spell levels left.
You didn't know any spells.
Your spell library contained the following spells:

 Spells                   Type           Power      Damage    Failure   Level
 Blink                    Tloc           10%        N/A       22%         2
 Gell's Gravitas          Tloc           5%         N/A       41%         3
 Lesser Beckoning         Tloc           5%         N/A       41%         3
 Teleport Other           Tloc           5%         N/A       41%         3
 Manifold Assault         Tloc           5%         N/A       99%         5

Inventory:

Hand Weapons
 g - a +0 whip
 Y - a +0 hand axe of electrocution (weapon)
Armour
 b - a +0 leather armour (worn)
Scrolls
 f - a scroll of identify
Potions
 c - a potion of mutation {unknown}
 e - a potion of heal wounds {unknown}

Dungeon Overview and Level Annotations

Branches:
Dungeon (2/15)

Altars:


Message History

Done exploring.
2262 ||| DRINKING 2 orange potions.
It was a potion of degeneration.
There was something very wrong with that liquid.
You feel weakened.
You feel dopey.
You feel clumsy.
Done exploring.
2263 ||| DROPPING scroll of poison.
You drop a scroll of poison.
Done exploring.
2264 ||| DROPPING 2 potions of attraction.
You drop 2 potions of attraction.
Done exploring.
2265 ||| DROPPING potion of degeneration.
You drop a potion of degeneration.
Done exploring.
(D) Dungeon
Where to? (* - list waypoints, Enter - D:2, ? - help)
What level of the Dungeon? (default 1, ? - help) Sorry, I don't know how to get there.
Done exploring.
2266 ||| Stepping randomly (stuck).
Really walk into that cloud of poison gas?
You are engulfed in poison gas.
You are poisoned.
You feel very sick.
2267 ||| Stepping ~*~*~tactically~*~*~ (cloud).
You feel very sick.
Things that are here:
a potion of degeneration; 2 potions of attraction; a scroll of poison
There is a lethal amount of poison in your body!
You feel very sick.
There is a lethal amount of poison in your body!
You feel sick.
There is a lethal amount of poison in your body!
You feel sick.
There is a lethal amount of poison in your body!
You feel sick.
There is a lethal amount of poison in your body!
You feel sick.
There is a lethal amount of poison in your body!
You feel sick.
There is a lethal amount of poison in your body!
You die...

........................(........
..#########.#..##'###....###.....
............#..#0...#....# ######
#############..#000.######
...............#...0#
##############.#0.00#
##############.#00.0#
.........).....#..0.#
################@..0#
..%.......0.ยค.000.########
..################# #....# #..#
#.##.# ##.# ######'##.# ##.##
#.........######## ..).##
#.........##...... .....######
#..........+...... ..........#
#.........##......


There were no monsters in sight!

Vanquished Creatures
  A gnoll (D:1)
  2 adders (D:2)
  6 ball pythons
  6 bats
  3 endoplasms
  3 goblins (D:2)
  5 hobgoblins
  2 jackals (D:1)
  5 kobolds
  4 quokkas
  2 frilled lizards (D:2)
  5 rats
44 creatures vanquished.

Vanquished Creatures (others)
  2 plants (D:1)
2 creatures vanquished.

Grand Total: 46 creatures vanquished

Notes
Turn   | Place    | Note
-------+----------+-------------------------------------------
     0 | D:1      | qw the Tengu Warper began the quest for the Orb.
     0 | D:1      | Reached XP level 1. HP: 12/12 MP: 4/4
     0 | D:1      | 0 ||| qw: Version: 0.1-a-89-g26bdef1
     0 | D:1      | 0 ||| qw: Game counter: 2361
     0 | D:1      | 0 ||| qw: Always use a shield: true
     0 | D:1      | 0 ||| qw: God list: Okawaru
     0 | D:1      | 0 ||| qw: Allow faded altars: false
     0 | D:1      | 0 ||| qw: Do Orc after D:15 true
     0 | D:1      | 0 ||| qw: Do second Lair branch before Depths: true
     0 | D:1      | 0 ||| qw: Lair rune preference: random
     0 | D:1      | 0 ||| qw: Plans: Normal
     0 | D:1      | 0 ||| PLANNING D:1-11
   341 | D:1      | Reached skill level 3 in Axes
   341 | D:1      | Reached XP level 2. HP: 16/17 MP: 6/6
   598 | D:1      | Reached XP level 3. HP: 21/21 MP: 7/7
   862 | D:1      | 862 ||| Stepping ~*~*~tactically~*~*~ (stealth).
   988 | D:1      | 988 ||| READING scroll labelled QAMENN JECLISK.
   989 | D:1      | 989 ||| READING 2 scrolls labelled TUOJEM PIOSK.
   990 | D:1      | 990 ||| READING scroll labelled DOFABB AVVECVI.
   991 | D:1      | 991 ||| READING scroll labelled JOMATEBUUFU.
  1092 | D:1      | 1092 ||| READING scroll labelled RYTTUL JAIL.
  1093 | D:1      | 1093 ||| DRINKING 2 bubbling silvery potions.
  1198 | D:1      | 1198 ||| DROPPING scroll of blinking.
  1199 | D:1      | 1199 ||| DROPPING potion of berserk rage.
  1200 | D:1      | 1200 ||| DROPPING scroll of vulnerability.
  1293 | D:2      | Reached skill level 4 in Axes
  1369 | D:2      | 1369 ||| Stepping ~*~*~tactically~*~*~ (stealth).
  1610 | D:2      | 1610 ||| FLEEEEING.
  1847 | D:2      | Reached XP level 4. HP: 23/26 MP: 8/8
  2236 | D:2      | 2236 ||| Stepping ~*~*~tactically~*~*~ (stealth).
  2237 | D:2      | 2237 ||| Stepping ~*~*~tactically~*~*~ (stealth).
  2260 | D:2      | 2260 ||| READING 2 scrolls labelled QUMUYN UVVELI.
  2261 | D:2      | 2261 ||| DRINKING 3 dark potions.
  2262 | D:2      | 2262 ||| DRINKING 2 orange potions.
  2263 | D:2      | 2263 ||| DROPPING scroll of poison.
  2264 | D:2      | 2264 ||| DROPPING 2 potions of attraction.
  2265 | D:2      | 2265 ||| DROPPING potion of degeneration.
  2266 | D:2      | 2266 ||| Stepping randomly (stuck).
  2267 | D:2      | 2267 ||| Stepping ~*~*~tactically~*~*~ (cloud).
  2269 | D:2      | HP: 6/26 [poisoned by you (poison gas)]
  2272 | D:2      | HP: 2/26 [poisoned by you (poison gas)]
  2274 | D:2      | Succumbed to their own poison gas

Levels and vault maps discovered:
D:1:      dpeg_arrival_rooms_c, layout_basic, serial_forest,
          infiniplex_forest_clump_curved, infiniplex_forest_pool,
          infiniplex_forest_lined_ring, infiniplex_forest_split,
          infiniplex_forest_end_1, infiniplex_forest_clump_C,
          infiniplex_forest_clump_long
D:2:      layout_basic

Skill      XL: |  1  2  3 |
---------------+----------+-----
Axes           | 3 4 |  4.9
Fighting       | |  2.0
Throwing       | |  1.0
Armour         | |  1.1
Dodging        | |  2.1
Spellcasting   | |  2.0
Translocations | |  2.4

Action                   |  1- 3 |  4- 6 || total
-------------------------+-------+-------++-------
Melee: Hand axe          |    83 |    18 ||   101
       Peck              |     8 |     2 ||    10
       Kick              |    13 |     3 ||    16
Throw: Boomerang         |     7 |       ||     7
  Use: Scroll            |     5 |     1 ||     6
       Potion            |     1 |     2 ||     3
Armor: Leather armour    |    23 |     7 ||    30
Dodge: Dodged            |    54 |     8 ||    62

Table legend:
 A = Non-vault XP
 B = Vault XP
 C = Vault XP percentage of total XP
 D = Non-vault monster count
 E = Vault monster count
 F = Vault count percentage of total count
                 A         B        C        D         E       F
            +---------+---------+-------+---------+---------+-------
      Total |     110 |       0 |   0.0 |      44 |       0 |   0.0
            +---------+---------+-------+---------+---------+-------
        D:1 |      42 |       0 |   0.0 |      16 |       0 |   0.0
        D:2 |      68 |       0 |   0.0 |      28 |       0 |   0.0
            +---------+---------+-------+---------+---------+-------
